 Dungeon Crawl Stone Soup version 0.21.1-1-g345015fe64 (webtiles) character file.

779 Knicklaso the Slinger (level 8, -2/54 HPs)
             Began as a Halfling Hunter on Apr 5, 2018.
             Killed from afar by an orc wizard (3 damage)
             ... with a magic dart
             ... on level 4 of the Dungeon.
             The game lasted 00:15:42 (4950 turns).

Knicklaso the Slinger (Halfling Hunter)             Turns: 4950, Time: 00:15:42

Health: -2/54      AC:  3    Str: 13    XL:     8   Next: 10%
Magic:  8/8        EV: 23    Int:  9    God:
Gold:   198        SH:  0    Dex: 22    Spells: 7/7 levels left

rFire    . . .     SeeInvis .   b - +0 short sword
rCold    . . .     Gourm    .   (shield restricted)
rNeg     . . .     Faith    .   c - +0 leather armour
rPois    .         Spirit   .   (no helmet)
rElec    .         Reflect  .   (no cloak)
rCorr    .         Harm     .   (no gloves)
MR       .....                  (no boots)
Stlth    ++++......             (no amulet)
HPRegen  0.18/turn              (no ring)
MPRegen  0.11/turn              (no ring)

@: agile, flying, slowed, very slow
A: small, mutation resistance 1
a: no special abilities


You were on level 4 of the Dungeon.
You were not hungry.

You visited 1 branch of the dungeon, and saw 5 of its levels.

You collected 198 gold pieces.

Inventory:

Hand Weapons
 a - a +1 hunting sling
 b - a +0 short sword (weapon)
Missiles
 g - 124 stones (quivered)
 m - 20 sling bullets
Armour
 c - a +0 leather armour (worn)
 k - a +1 helmet
 l - a +0 pair of boots
Jewellery
 n - a cursed ring of teleportation {unknown}
 v - an uncursed amulet of regeneration {unknown}
 w - a +5 ring of intelligence {unknown}
 A - a cursed ring of loudness {unknown}
 B - a +5 ring of intelligence {unknown}
Scrolls
 h - a scroll of amnesia {unknown}
 i - a scroll of remove curse {unknown}
 j - 8 scrolls of identify {unknown}
 o - 2 scrolls of magic mapping {unknown}
 r - 3 scrolls of teleportation {unknown}
 s - a scroll of fear {unknown}
 t - a scroll of immolation {unknown}
 y - a scroll of fog {unknown}
 D - a scroll of noise {unknown}
Potions
 d - a potion of curing
 p - a potion of mutation {unknown}
 q - a potion of lignification {unknown}
 u - a potion of berserk rage {unknown}
 x - a potion of degeneration {unknown}
 z - a potion of agility
 C - a potion of invisibility {unknown}
Comestibles
 f - 12 rations


   Skills:
 + Level 3.8 Fighting
 * Level 9.6 Slings
 + Level 4.6 Dodging
 + Level 4.5 Stealth


You had 7 spell levels left.
You didn't know any spells.

Dungeon Overview and Level Annotations

Branches:
Dungeon (5/15)             Temple (0/1) D:4

Altars:

Annotations:
D:3 1 runed door
D:4 Wolfborn's ghost, amateur DsCK


Innate Abilities, Weirdness & Mutations

You are small and have problems with some larger weapons.
You are somewhat resistant to further mutation.


Message History

The orc wizard misses you. The orc completely misses you.
The orc wizard misses you. The orc completely misses you.
You closely miss the orc.
The orc is lightly wounded.
The orc wizard barely misses you. The orc wizard completely misses you.
The orc closely misses you.
The orc wizard hits you but does no damage.
You hit the orc.
The orc is heavily wounded.
The orc wizard misses you. The orc completely misses you.
The orc wizard hits you but does no damage.
You hit the orc.
You kill the orc!
The orc wizard points at you and mumbles some strange words.
The magic dart hits you!
* * * LOW HITPOINT WARNING * * *
The orc wizard hits you but does no damage.
The orc wizard gestures at you while chanting.
The magic dart hits you!
You die...

#.# #.# #.. #.# #.# #.. #.#
#.# #.. #########.#####.#
#.. #............##.# #..
#.#######.##.##.########..
#.# #####.##..............
###.###....#.#..##.########.
#..<.......@##.[##.# ####.
#.#.###...)o....##.## ##....
#.#.###..##.##.##...###.(.##
#.#.#.............#.......#
#.#.#.#.....##.##...###...#
#.#.#.#.....##.###>#####.##
#.#.#.####..##.# #........##
#.#.......>....# #######.#..
#...........#### #..##


You could see an orc wizard.

Vanquished Creatures
  A phantom (D:4)
  2 ogres
  A scorpion (D:4)
  A howler monkey (D:4)
  A centaur zombie (D:5)
  2 orc priests (D:4)
  2 orc wizards (D:4)
  A centaur skeleton (D:4)
  A worker ant (D:4)
  Robin (D:2)
  10 adders
  2 oozes
  2 dart slugs
  4 leopard geckos
  11 orcs
  2 ball pythons
  8 bats
  4 giant cockroaches
  15 goblins
  9 hobgoblins
  A quokka (D:3)
  A frilled lizard (D:3)
  A jackal skeleton (D:4)
  11 kobolds
  5 rats
99 creatures vanquished.

Notes
Turn   | Place    | Note
-------+----------+-------------------------------------------
     0 | D:1      | Knicklaso the Halfling Hunter began the quest for the Orb.
     0 | D:1      | Reached XP level 1. HP: 14/14 MP: 1/1
    84 | D:1      | Reached skill level 6 in Slings
   111 | D:1      | Reached XP level 2. HP: 15/19 MP: 2/2
   561 | D:1      | Reached XP level 3. HP: 24/24 MP: 3/3
   930 | D:2      | Noticed Robin
   933 | D:2      | Killed Robin
   933 | D:2      | Reached XP level 4. HP: 29/29 MP: 4/4
  1355 | D:2      | Reached skill level 7 in Slings
  1722 | D:3      | Reached XP level 5. HP: 35/35 MP: 5/5
  2271 | D:3      | Found a runed door.
  2735 | D:4      | Found a staircase to the Ecumenical Temple.
  2744 | D:4      | Reached XP level 6. HP: 41/41 MP: 6/6
  2751 | D:4      | Noticed an ogre
  3018 | D:4      | Noticed Wolfborn's ghost (amateur DsCK)
  3128 | D:4      | Reached skill level 8 in Slings
  3243 | D:4      | HP: 1/42 [orc priest/divine providence (12)]
  3654 | D:4      | Noticed a phantom
  3667 | D:4      | Killed a phantom
  3667 | D:4      | Reached XP level 7. HP: 37/46 MP: 7/7
  4210 | D:3      | Reached skill level 9 in Slings
  4671 | D:5      | Entered Level 5 of the Dungeon
  4844 | D:5      | Reached XP level 8. HP: 54/54 MP: 8/8
  4944 | D:4      | HP: 1/54 [orc wizard/magic dart (7)]
  4950 | D:4      | HP: 1/54 [orc wizard/magic dart (5)]
  4950 | D:4      | Killed from afar by an orc wizard

Skill      XL: |  1  2  3  4  5  6  7 |
---------------+----------------------+-----
Slings         | 6 7 8 9 |  9.6
Fighting       | 2 3 |  3.8
Stealth        | 2 3 4 |  4.5
Dodging        | 3 4 |  4.6

Action                   |  1- 3 |  4- 6 |  7- 9 || total
-------------------------+-------+-------+-------++-------
Melee: Short sword       |    42 |    83 |    17 ||   142
 Fire: Hunting sling     |    55 |   160 |    87 ||   302
  Use: Potion            |       |       |     4 ||     4
  Eat: Chunk             |       |     8 |     1 ||     9
       Ration            |       |       |     1 ||     1
Armor: Leather armour    |     4 |    11 |    12 ||    27
Dodge: Dodged            |    34 |    80 |    47 ||   161
